 Dungeon Crawl Stone Soup version 0.21.1-1-g345015f (webtiles) character file.

99 shakethe the Skirmisher (level 4, -3/29 HPs)
             Began as a Gargoyle Fighter on Feb 15, 2018.
             Hit by a stone thrown by an orc warrior (9 damage)
             ... on level 2 of the Dungeon.
             The game lasted 00:03:04 (1431 turns).

shakethe the Skirmisher (Gargoyle Fighter)          Turns: 1431, Time: 00:03:04

Health: -3/29      AC: 10    Str: 20    XL:     4   Next: 72%
Magic:  0/4        EV:  7    Int:  9    God:
Gold:   98         SH:  9    Dex:  9    Spells: 3/3 levels left

rFire    . . .     SeeInvis .   a - +0 war axe
rCold    . . .     Gourm    .   c - +0 shield
rNeg     + . .     Faith    .   b - +0 scale mail
rPois    ∞         Spirit   +   (no helmet)
rElec    +         Reflect  .   p - scarf {Spirit}
rCorr    .         Harm     .   (no gloves)
MR       .....                  (no boots)
Stlth    ..........             (no amulet)
HPRegen  0.09/turn              (no ring)
MPRegen  0.09/turn              (no ring)

@: no status effects
A: negative energy resistance 1, electricity resistance, unbreathing,
petrification resistance, rot immunity, AC +3
a: no special abilities


You were on level 2 of the Dungeon.
You were hungry.

You visited 1 branch of the dungeon, and saw 2 of its levels.

You collected 98 gold pieces.

Inventory:

Hand Weapons
 a - a +0 war axe (weapon)
Missiles
 n - 32 stones (quivered)
 t - a throwing net {=f, !d}
Armour
 b - a +0 scale mail (worn)
 c - a +0 shield (worn)
 p - a scarf of spirit shield (worn)
   (You found it on level 2 of the Dungeon)
Jewellery
 e - a +2 ring of protection {unknown}
   (You found it on level 1 of the Dungeon)
 g - an uncursed ring of resist corrosion {unknown}
   (You found it on level 1 of the Dungeon)
 i - an uncursed ring of fire {unknown}
   (You found it on level 1 of the Dungeon)
 u - an uncursed amulet of regeneration {unknown}
   (You found it on level 2 of the Dungeon)
Scrolls
 k - 2 scrolls of teleportation {unknown}
 l - 2 scrolls of identify {unknown}
 m - 2 scrolls of remove curse {unknown}
 o - a scroll of blinking {unknown}
 r - a scroll of enchant weapon {unknown}
 s - a scroll of random uselessness {unknown}
 w - a scroll of magic mapping {unknown}
Potions
 d - a potion of might
 h - a potion of haste {unknown}
 j - 2 potions of curing {unknown}
 q - a potion of heal wounds {unknown}
 v - a potion of resistance {unknown}
 x - a potion of invisibility {unknown}
Comestibles
 f - 8 rations


   Skills:
 + Level 4.0 Fighting
 * Level 3.3 Axes
 + Level 4.0 Armour
 - Level 3.2 Shields


You had 3 spell levels left.
You didn't know any spells.

Dungeon Overview and Level Annotations

Branches:
Dungeon (2/15)

Altars:


Innate Abilities, Weirdness & Mutations

You are resistant to torment.
Your stone body is resilient. (AC +3)
You are immune to poison.
You resist negative energy. (rN+)
You are resistant to electric shocks. (rElec)
You can survive without breathing.
You are immune to petrification.
You are immune to rotting.


Message History

You bump into the rock wall.
The orc wizard hits you but does no damage.
You bump into the rock wall.
The orc wizard hits you but does no damage.
The orc wizard hits you but does no damage.
You bump into the rock wall.
The orc wizard hits you with a dagger.
You take 2 damage, and have 21/29 hp.
You bump into the rock wall.
The orc wizard hits you but does no damage.
You closely miss the orc wizard.
The orc wizard hits you but does no damage.
The orc wizard closely misses you.
You bump into the rock wall.
The orc wizard hits you but does no damage.
You bump into the rock wall.
The orc wizard hits you but does no damage.
You barely miss the orc wizard.
You feel less confused. You block the orc wizard's attack.
You hit the orc wizard. You block the orc wizard's attack.
You closely miss the orc wizard.
The orc wizard hits you but does no damage.
The orc wizard gestures at you while chanting.
The puff of flame hits you!
You take 4 damage, and have 18/29 hp.
You hit the orc wizard. The orc wizard barely misses you.
You hit the orc wizard.
The orc wizard hits you but does no damage.
The orc wizard barely misses you.
MP restored: 4 You hit the orc wizard.
The orc wizard casts a spell.
The orc wizard flickers and vanishes!
Deactivating autopickup; reactivate with Ctrl-A.
You barely miss something.
You hear some strange, mumbled words.
A puff of flame appears from out of thin air!
The puff of flame hits you! Something hits you but does no damage.
You take 3 damage, and have 15/29 hp.
You are feeling hungry.
You miss something.
You hear some strange, mumbled words.
Something tries to affect you, but you resist.
You miss something.
You hear some strange, mumbled words.
A magic dart appears from out of thin air!
The magic dart hits you!
You closely miss something. Something hits you but does no damage.
You hear some strange, mumbled words.
You are confused.
You bump into the rock wall.
Something hits you but does no damage. Something hits you.
You take 3 damage, and have 12/29 hp.
You bump into the rock wall.
You hear some strange, mumbled words.
A puff of flame appears from out of thin air!
The puff of flame hits you!
* * * LOW HITPOINT WARNING * * *
You take 5 damage, and have 7/29 hp.
You now have 3/4 mp.
You bump into the rock wall.
You feel less confused.
You hear some strange, mumbled words.
A puff of flame appears from out of thin air!
The puff of flame hits you!
* * * LOW HITPOINT WARNING * * *
An orc warrior comes into view. It is wielding a scimitar.
You take 4 damage, and have 3/29 hp.
You now have 2/4 mp.
The orc warrior shouts!
The orc warrior throws a stone.
The stone hits you but does no damage.
Things that are here:
a stone; a falchion; a ring mail An orc wizard comes into view.
It is wielding a dagger.
The orc wizard shouts!
The orc wizard casts a spell.
The orc wizard blinks!
Unknown command.
The orc warrior throws a stone.
The stone hits you.
* * * LOW HITPOINT WARNING * * *
Something hits you but does no damage.
You see here a stone.
You take 2 damage, and have 2/29 hp.
You now have 1/4 mp.
The orc warrior throws a stone.
The stone barely misses you.
You hear some strange, mumbled words.
A puff of flame appears from out of thin air!
The puff of flame hits you!
* * * LOW HITPOINT WARNING * * *
You take 1 damage, and have 1/29 hp.
You now have 0/4 mp.
The orc warrior throws a stone.
Reactivating autopickup.
Your Fighting skill increases to level 4!
Your Armour skill increases to level 4!
You feel a bit more experienced.
The orc warrior throws a stone.
You block the stone.
You see here 2 stones.
MP restored: 4 You see here 16 bolts.
The orc warrior throws a stone.
You block the stone.
You see here a stone.
The orc warrior throws a stone.
The stone hits you!
You die...

#### ##...## #..#..#
##.###.####
#........@###############
#..###.##...............#
#..##.....#######.#####.#
#...#..##.# ##...####.##
#.#.#)..#.# #...........
# #.#.#.#.#.#
##...#.##.#. ##
#.......o.# ##.##.##..<
.## ###.#.#.###
#.##...... ..## #...#..#
#.#######.


You could see an orc warrior.

Vanquished Creatures
  An orc priest (D:2)
  2 adders (D:2)
  An ooze (D:1)
  A worm (D:2)
  2 dart slugs (D:1)
  An orc (D:2)
  2 bats
  3 goblins (D:1)
  3 hobgoblins (D:1)
  A kobold (D:2)
  A rat (D:2)
18 creatures vanquished.

Vanquished Creatures (others)
  An orc wizard (D:2)
1 creature vanquished.

Grand Total: 19 creatures vanquished

Notes
Turn   | Place    | Note
-------+----------+-------------------------------------------
     0 | D:1      | shakethe the Gargoyle Fighter began the quest for the Orb.
     0 | D:1      | Reached XP level 1. HP: 14/14 MP: 1/1
    28 | D:1      | Reached skill level 2 in Axes
    28 | D:1      | Reached XP level 2. HP: 17/19 MP: 2/2
   717 | D:2      | Reached XP level 3. HP: 24/24 MP: 3/3
  1337 | D:2      | Reached skill level 3 in Axes
  1337 | D:2      | Reached XP level 4. HP: 23/29 MP: 2/4
  1362 | D:2      | HP: 7/29 [something/puff of flame (5)]
  1363 | D:2      | HP: 3/29 [something/puff of flame (4)]
  1364 | D:2      | Noticed an orc warrior
  1367 | D:2      | HP: 1/29 [something/puff of flame (1)]
  1368 | D:2      | Reached skill level 4 in Fighting
  1368 | D:2      | Reached skill level 4 in Armour
  1431 | D:2      | Hit by a stone thrown by an orc warrior

Skill      XL: |  1  2  3  4 |
---------------+-------------+-----
Axes           | 2 3 |  3.3
Fighting       | 4 |  4.0
Armour         | 4 |  4.0
Shields        | |  3.2

Action                   |  1- 3 |  4- 6 || total
-------------------------+-------+-------++-------
Melee: War axe           |    67 |    12 ||    79
  Eat: Chunk             |     1 |       ||     1
Armor: Scale mail        |    34 |    11 ||    45
Dodge: Dodged            |    17 |     4 ||    21
Block: Shield            |    36 |     4 ||    40

Vault maps used:
D:1:      nzn_arrival_water_spiral, grunt_decor_mini_mirrors
D:2:      first_ration, minmay_tromino_v2

Table legend:
 A = Turns spent in this place as a percentage of turns spent in the entire game.
 B = Non-inter-level travel turns spent in this place as a percentage of non-inter-level travel turns spent in the entire game.
 C = Inter-level travel turns spent in this place as a percentage of turns spent in this place.
 D = Turns resting spent in this place as a percentage of non-inter-level travel turns spent in this place.
 E = Turns spent auto-exploring this place as a percentage of non-inter-level travel turns spent in this place.
 F = Non-inter-level travel turns spent in this place divided by the number of levels of this place that you've seen.
                   A       B       C       D       E      F
               +-------+-------+-------+-------+-------+----------------------
         Total | 100.0 | 100.0 |   4.0 |   0.0 |  80.9 | 687.0
       Dungeon | 100.0 | 100.0 |   4.0 |   0.0 |  80.9 | 687.0
               +-------+-------+-------+-------+-------+----------------------

Table legend:
 A = Kills in this place as a percentage of kills in entire the game.
 B = Kills by you in this place as a percentage of kills by you in the entire game.
 C = Kills by friends in this place as a percentage of kills by friends in the entire game.
 D = Other kills in this place as a percentage of other kills in the entire game.
 E = Experience gained in this place as a percentage of experience gained in the entire game.
 F = Experience gained in this place divided by the number of levels of this place that you have seen.
                   A       B       C       D       E      F
               +-------+-------+-------+-------+-------+----------------------
         Total | 100.0 | 100.0 |   N/A | 100.0 | 100.0 |  71.0
       Dungeon | 100.0 | 100.0 |   N/A | 100.0 | 100.0 |  71.0
               +-------+-------+-------+-------+-------+----------------------
